AAA
ANNAPOLIS ADMIRALS @ TUCSON TOROS
06/14/2060
 
TOP OF THE 1ST
Annapolis Admirals batting - Pitching for Tucson Toros : LHP Duncan Mulifi
Pitching: LHP Duncan Mulifi
Batting: RHB Braden Sacks 0-0: Called Strike
0-1: Ball
1-1: Ground out 5-3 (Groundball, 15, EV 91.2 MPH)
Batting: RHB Trey Densmore 0-0: Called Strike
0-1: Ball
1-1: Ball
2-1: Swinging Strike
2-2: Strikes out looking
Batting: RHB Justyn Wylie 0-0: Foul Ball, location: 2F
0-1: Ball
1-1: Ball
2-1: Foul Ball, location: 2F
2-2: Ball
3-2: Base on Balls
Batting: RHB Mason Severance 0-0: SINGLE (Groundball, 6MD, EV 95.6 MPH)
Justyn Wylie to second
Batting: RHB Damon Dickinson 0-0: Foul Ball, location: 2F
0-1: Fly out, F7 (Flyball, 7S, EV 93.1 MPH)
Top of the 1st over - 0 runs, 1 hit, 0 errors, 2 left on base; Annapolis 0 - Tucson 0
BOTTOM OF THE 1ST
Tucson Toros batting - Pitching for Annapolis Admirals : RHP Todd Curtis
Pitching: RHP Todd Curtis
Batting: RHB Devin Mastroianni 0-0: Ball
1-0: Ball
2-0: Foul Ball, location: 2F
2-1: Swinging Strike
2-2: Ball
3-2: DOUBLE (Groundball, 5L, EV 99.4 MPH)
Batting: LHB Ozzie Young 0-0: Ball
1-0: Ball
2-0: Ground out 1-3 (Groundball, 15S, EV 66.2 MPH)
Batting: LHB Michael Hughes 0-0: Ball
1-0: Called Strike
1-1: Foul Ball, location: 2F
1-2: Ball
2-2: Foul Ball, location: 2F
2-2: Ball
3-2: Base on Balls
Batting: LHB Dave Hargrave 0-0: 3-RUN HOME RUN (Flyball, 7LD, EV 95.6 MPH), Distance : 343 ft
Batting: RHB Coltyn Goldman 0-0: Called Strike
0-1: Ball
1-1: Foul Ball, location: 2F
1-2: Ball
2-2: Ball
3-2: Base on Balls
Batting: RHB Mason Eubanks 0-0: Ball
1-0: Foul Ball, location: 2F
1-1: Grounds into double play, 4-6-3 (Groundball, 4, EV 101.2 MPH)
Bottom of the 1st over - 3 runs, 2 hits, 0 errors, 0 left on base; Annapolis 0 - Tucson 3
TOP OF THE 2ND
Annapolis Admirals batting - Pitching for Tucson Toros : LHP Duncan Mulifi
Batting: RHB Brian Williamson 0-0: Ball
1-0: Called Strike
1-1: Ground out 5-3 (Groundball, 5, EV 83.1 MPH)
Batting: LHB Gregg Flores 0-0: Ball
1-0: Fly out, F9 (Flyball, 9LM, EV 90.0 MPH)
Batting: RHB Antonio Boyle 0-0: Ground out U3 (Groundball, 34S, EV 79.4 MPH)
Top of the 2nd over - 0 runs, 0 hits, 0 errors, 0 left on base; Annapolis 0 - Tucson 3
BOTTOM OF THE 2ND
Tucson Toros batting - Pitching for Annapolis Admirals : RHP Todd Curtis
Batting: SHB Kendall Powell 0-0: Called Strike
0-1: Ball
1-1: Foul Ball, location: 2F
1-2: Strikes out swinging
Batting: RHB Landon Dorfmeyer 0-0: Called Strike
0-1: Ball
1-1: SINGLE (Line Drive, 3D, EV 96.2 MPH)
Batting: LHB Eaton Duda 0-0: Ball
1-0: Called Strike
1-1: Swinging Strike
1-2: Strikes out swinging
Batting: RHB Devin Mastroianni 0-0: Ball
1-0: Called Strike
1-1: Fly out, F7 (Flyball, 7, EV 91.2 MPH)
Bottom of the 2nd over - 0 runs, 1 hit, 0 errors, 1 left on base; Annapolis 0 - Tucson 3
TOP OF THE 3RD
Annapolis Admirals batting - Pitching for Tucson Toros : LHP Duncan Mulifi
Batting: LHB Charlie Estes 0-0: DOUBLE (Line Drive, 5D, EV 96.2 MPH)
Batting: RHB Braden Sacks 0-0: Called Strike
0-1: Ball
1-1: Foul Ball, location: 2F
1-2: Strikes out swinging
Batting: RHB Trey Densmore 0-0: Ball
1-0: Ball
2-0: Called Strike
2-1: Ball
3-1: Called Strike
3-2: Foul Ball, location: 2F
3-2: Ground out 4-3 (Groundball, 4M, EV 80.0 MPH)
Charlie Estes to third
Batting: RHB Justyn Wylie 0-0: Ball
1-0: Ball
2-0: Ball
3-0: Called Strike
3-1: Called Strike
Steal of home, Charlie Estes is out
Top of the 3rd over - 0 runs, 1 hit, 0 errors, 0 left on base; Annapolis 0 - Tucson 3
BOTTOM OF THE 3RD
Tucson Toros batting - Pitching for Annapolis Admirals : RHP Todd Curtis
Batting: LHB Ozzie Young 0-0: Ball
1-0: Ball
2-0: Swinging Strike
2-1: Called Strike
2-2: Ball
3-2: Foul Ball, location: 2F
3-2: Foul Ball, location: 2F
3-2: Base on Balls
Batting: LHB Michael Hughes 0-0: Foul Ball, location: 2F
0-1: Ball
1-1: Called Strike
1-2: Strikes out swinging
Batting: LHB Dave Hargrave 0-0: Ball
1-0: Ball
2-0: Swinging Strike
2-1: Ball
3-1: Called Strike
3-2: Base on Balls
Ozzie Young to second
Batting: RHB Coltyn Goldman 0-0: Fielders Choice at 2nd, 3-6 (Groundball, 3S, EV 82.5 MPH)
Ozzie Young to third
Batting: RHB Mason Eubanks 0-0: Fly out, F8 (Flyball, 8RM, EV 83.1 MPH)
Bottom of the 3rd over - 0 runs, 0 hits, 0 errors, 2 left on base; Annapolis 0 - Tucson 3
TOP OF THE 4TH
Annapolis Admirals batting - Pitching for Tucson Toros : LHP Duncan Mulifi
Batting: RHB Justyn Wylie 0-0: Called Strike
0-1: Called Strike
0-2: Ground out 5-3 (Groundball, 56, EV 80.6 MPH)
Batting: RHB Mason Severance 0-0: Ball
1-0: Ball
2-0: SINGLE (Flyball, 8LS, EV 87.5 MPH)
Batting: RHB Damon Dickinson 0-0: Called Strike
0-1: Grounds into double play, 6-4-3 (Groundball, 56, EV 97.5 MPH)
Top of the 4th over - 0 runs, 1 hit, 0 errors, 0 left on base; Annapolis 0 - Tucson 3
BOTTOM OF THE 4TH
Tucson Toros batting - Pitching for Annapolis Admirals : RHP Todd Curtis
Batting: SHB Kendall Powell 0-0: Called Strike
0-1: Fly out, F7 (Flyball, 7D, EV 102.5 MPH)
Batting: RHB Landon Dorfmeyer 0-0: Foul Ball, location: 2F
0-1: Ball
1-1: Ball
2-1: Ball
3-1: Fly out, F8 (Flyball, 8LD, EV 107.5 MPH)
Batting: LHB Eaton Duda 0-0: Ball
1-0: Ball
2-0: Ball
3-0: Called Strike
3-1: Swinging Strike
3-2: Ground out U3 (Groundball, 3S, EV 93.1 MPH)
Bottom of the 4th over - 0 runs, 0 hits, 0 errors, 0 left on base; Annapolis 0 - Tucson 3
TOP OF THE 5TH
Annapolis Admirals batting - Pitching for Tucson Toros : LHP Duncan Mulifi
Batting: RHB Brian Williamson 0-0: Called Strike
0-1: Ball
1-1: Called Strike
1-2: Strikes out swinging
Batting: LHB Gregg Flores 0-0: Fly out, F8 (Flyball, 8RM, EV 96.2 MPH)
Batting: RHB Antonio Boyle 0-0: Ball
1-0: Swinging Strike
1-1: Ball
2-1: Foul Ball, location: 2F
2-2: Fly out, F8 (Flyball, 8RD, EV 97.5 MPH)
Top of the 5th over - 0 runs, 0 hits, 0 errors, 0 left on base; Annapolis 0 - Tucson 3
BOTTOM OF THE 5TH
Tucson Toros batting - Pitching for Annapolis Admirals : RHP Todd Curtis
Batting: RHB Devin Mastroianni 0-0: Ball
1-0: Ball
2-0: Ball
3-0: Base on Balls
Batting: LHB Ozzie Young 0-0: Ball
1-0: Ground out U3 (Groundball, 3L, EV 103.8 MPH)
Devin Mastroianni to second
Batting: LHB Michael Hughes 0-0: Ball
1-0: Ball
2-0: Foul Ball, location: 2F
2-1: Ball
3-1: Base on Balls
Batting: LHB Dave Hargrave 0-0: Ball
1-0: Ball
2-0: Called Strike
2-1: Grounds into double play, 4-6-3 (Groundball, 4MS, EV 80.0 MPH)
Bottom of the 5th over - 0 runs, 0 hits, 0 errors, 1 left on base; Annapolis 0 - Tucson 3
TOP OF THE 6TH
Annapolis Admirals batting - Pitching for Tucson Toros : LHP Duncan Mulifi
Batting: LHB Charlie Estes 0-0: SINGLE (Flyball, 56D, EV 90.0 MPH)
Pitching: RHP Jesse Poulsen
Batting: RHB Braden Sacks 0-0: Ball
Charlie Estes is caught stealing 2nd base 2-4
1-0: Ball
2-0: Ball
3-0: Base on Balls
Batting: RHB Trey Densmore 0-0: Ball
Braden Sacks steals 2nd base
1-0: Foul Ball, location: 2F
1-1: Fly out, F8 (Line Drive, 8RM, EV 99.4 MPH)
Batting: RHB Justyn Wylie 0-0: 2-RUN HOME RUN (Flyball, 78XD, EV 110.0 MPH), Distance : 453 ft
Batting: RHB Mason Severance 0-0: Foul Ball, location: 2F
0-1: SINGLE (Groundball, 6MD, EV 93.8 MPH)
Batting: RHB Damon Dickinson 0-0: Called Strike
0-1: Fielders Choice at 2nd, 6-4 (Groundball, 6, EV 86.2 MPH)
Top of the 6th over - 2 runs, 3 hits, 0 errors, 1 left on base; Annapolis 2 - Tucson 3
BOTTOM OF THE 6TH
Tucson Toros batting - Pitching for Annapolis Admirals : RHP Todd Curtis
Batting: RHB Coltyn Goldman 0-0: Foul Ball, location: 2F
0-1: Called Strike
0-2: Strikes out swinging
Batting: RHB Mason Eubanks 0-0: Ball
1-0: Ball
2-0: Foul Ball, location: 2F
2-1: Ball
3-1: Ground out 4-3 (Groundball, 4, EV 87.5 MPH)
Batting: SHB Kendall Powell 0-0: Called Strike
0-1: Ball
1-1: Swinging Strike
1-2: Ball
2-2: Ball
3-2: Strikes out swinging
Bottom of the 6th over - 0 runs, 0 hits, 0 errors, 0 left on base; Annapolis 2 - Tucson 3
TOP OF THE 7TH
Annapolis Admirals batting - Pitching for Tucson Toros : RHP Jesse Poulsen
Batting: RHB Brian Williamson 0-0: Ball
1-0: Foul Ball, location: 2F
1-1: Called Strike
1-2: Foul Ball, location: 2F
1-2: Ball
2-2: Ball
3-2: Strikes out swinging
Batting: LHB Gregg Flores 0-0: Ball
1-0: Called Strike
1-1: Foul Ball, location: 2F
1-2: SOLO HOME RUN (Flyball, 89XD, EV 107.5 MPH), Distance : 420 ft
Pitching: RHP Prince Lalas
Batting: RHB Antonio Boyle 0-0: Ball
1-0: Fly out, F8 (Line Drive, 8LS, EV 91.9 MPH)
Batting: LHB Charlie Estes 0-0: Foul Ball, location: 2F
0-1: Ball
1-1: SINGLE (Groundball, 3S, EV 69.4 MPH) (infield hit)
Batting: RHB Braden Sacks 0-0: Ball
1-0: Swinging Strike
1-1: SINGLE (Groundball, 13S, EV 70.0 MPH) (infield hit)
Charlie Estes to second
Batting: RHB Trey Densmore 0-0: SINGLE (Groundball, 4MD, EV 101.9 MPH)
Charlie Estes to third
Braden Sacks to second
Runner from 3rd tries for Home, SAFE, throw by CF to home
Batting: RHB Justyn Wylie 0-0: Called Strike
0-1: Foul Ball, location: 2F
0-2: Ball
1-2: Ball
2-2: Ground out 4-3 (Groundball, 4, EV 106.2 MPH)
Top of the 7th over - 2 runs, 4 hits, 0 errors, 2 left on base; Annapolis 4 - Tucson 3
BOTTOM OF THE 7TH
Tucson Toros batting - Pitching for Annapolis Admirals : RHP Todd Curtis
Pitching: RHP Shadell Williams
Batting: RHB Landon Dorfmeyer 0-0: Called Strike
0-1: Foul Ball, location: 2F
0-2: Foul Ball, location: 2F
0-2: Ball
1-2: Foul Ball, location: 2F
1-2: Ball
2-2: Foul Ball, location: 2F
2-2: Strikes out swinging
Batting: LHB Eaton Duda 0-0: Ball
1-0: Called Strike
1-1: Called Strike
1-2: Foul Ball, location: 2F
1-2: Ball
2-2: SINGLE (Groundball, 34D, EV 106.9 MPH)
Batting: RHB Devin Mastroianni 0-0: Foul Ball, location: 2F
0-1: Called Strike
0-2: Fly out, F9 (Flyball, 89M, EV 75.6 MPH)
Batting: LHB Ozzie Young 0-0: Called Strike
0-1: Foul Ball, location: 2F
0-2: SINGLE (Groundball, 4MS, EV 68.1 MPH) (infield hit)
Eaton Duda to second
Batting: LHB Michael Hughes 0-0: Called Strike
0-1: Ball
1-1: Ball
2-1: Ball
3-1: Ground out 1-3 (Groundball, P, EV 61.9 MPH)
Bottom of the 7th over - 0 runs, 2 hits, 0 errors, 2 left on base; Annapolis 4 - Tucson 3
TOP OF THE 8TH
Annapolis Admirals batting - Pitching for Tucson Toros : RHP Prince Lalas
Batting: RHB Mason Severance 0-0: Called Strike
0-1: Swinging Strike
0-2: Strikes out swinging
Batting: RHB Damon Dickinson 0-0: Fly out, F8 (Flyball, 89D, EV 81.9 MPH)
Batting: RHB Brian Williamson 0-0: Ball
1-0: SINGLE (Line Drive, 9S, EV 93.1 MPH)
Batting: LHB Gregg Flores 0-0: Swinging Strike
0-1: Swinging Strike
0-2: Strikes out swinging
Top of the 8th over - 0 runs, 1 hit, 0 errors, 1 left on base; Annapolis 4 - Tucson 3
BOTTOM OF THE 8TH
Tucson Toros batting - Pitching for Annapolis Admirals : RHP Shadell Williams
Batting: LHB Dave Hargrave 0-0: Ground out 4-3 (Groundball, 4, EV 99.4 MPH)
Batting: RHB Coltyn Goldman 0-0: Ball
1-0: Called Strike
1-1: Swinging Strike
1-2: Ball
2-2: Foul Ball, location: 2F
2-2: SINGLE (Line Drive, 8LS, EV 93.8 MPH)
Pinch Hitting: RHB Andy Reece 0-0: Swinging Strike
0-1: Ball
1-1: Ball
2-1: Foul Ball, location: 2F
2-2: Ball
3-2: Foul Ball, location: 2F
3-2: Base on Balls
Coltyn Goldman to second
Batting: SHB Kendall Powell 0-0: Ball
1-0: Grounds into double play, 3-6-1 (Groundball, 3S, EV 85.0 MPH)
Bottom of the 8th over - 0 runs, 1 hit, 0 errors, 1 left on base; Annapolis 4 - Tucson 3
TOP OF THE 9TH
Annapolis Admirals batting - Pitching for Tucson Toros : RHP Prince Lalas
Pitching: RHP Jonas LaBelle
Now at SS: Drake Ferris
Batting: RHB Antonio Boyle 0-0: Ball
1-0: Fly out, F9 (Flyball, 89S, EV 81.2 MPH)
Batting: LHB Charlie Estes 0-0: Foul Ball, location: 2F
0-1: DOUBLE (Line Drive, 9LM, EV 111.9 MPH)
Batting: RHB Braden Sacks 0-0: Called Strike
0-1: Swinging Strike
0-2: Foul Ball, location: 2F
0-2: Strikes out looking
Batting: RHB Trey Densmore 0-0: Ball
1-0: Swinging Strike
1-1: Ball
2-1: Called Strike
2-2: Foul Ball, location: 2F
2-2: Foul Ball, location: 2F
2-2: Foul Ball, location: 2F
2-2: Ball
3-2: Ground out 6-3 (Groundball, 6, EV 101.9 MPH)
Top of the 9th over - 0 runs, 1 hit, 0 errors, 1 left on base; Annapolis 4 - Tucson 3
BOTTOM OF THE 9TH
Tucson Toros batting - Pitching for Annapolis Admirals : RHP Shadell Williams
Pitching: LHP Kyle Heldt
Now at 1B: Sonny Zidane
Batting: RHB Landon Dorfmeyer 0-0: Called Strike
0-1: Ball
1-1: Ball
2-1: DOUBLE (Line Drive, 7LS, EV 96.2 MPH)
Pinch Hitting: RHB Chandler Hays 0-0: Ball
1-0: Foul Ball, location: 2F
1-1: Called Strike
1-2: Ball
2-2: Ground out 6-3 (Groundball, 6, EV 105.6 MPH)
Batting: RHB Devin Mastroianni 0-0: Swinging Strike
0-1: Ball
1-1: Foul Ball, location: 2F
1-2: Strikes out looking
Batting: LHB Ozzie Young 0-0: SINGLE (Groundball, 25, EV 64.4 MPH) (infield hit)
Landon Dorfmeyer to third
Batting: LHB Michael Hughes 0-0: Ball
1-0: Ball
2-0: Ball
3-0: Base on Balls
Ozzie Young to second
Batting: LHB Dave Hargrave 0-0: Foul Ball, location: 2F
0-1: Ball
1-1: Foul Ball, location: 2F
1-2: Ball
2-2: Ball
3-2: Foul Ball, location: 2F
3-2: Fly out, F8 (Flyball, 8LD, EV 93.1 MPH)
Bottom of the 9th over - 0 runs, 2 hits, 0 errors, 3 left on base; Annapolis 4 - Tucson 3
Thursday, May 9th , 2024 - OOTP Baseball 23.10 Build 110